Blackhawks vs Penguins
Created - 23 février 2014 at 19:08
Goals
|
| Blackhawks |
2 |
4 |
3 |
9 |
| Penguins |
0 |
2 |
0 |
2 |
|
Shots
|
| Blackhawks |
12 |
22 |
12 |
46 |
| Penguins |
7 |
9 |
7 |
23 |
|
1st period
1. Blackhawks , George Parros 12 (Stephane Robidas, Jordan Staal) at 1:16
2. Blackhawks , Rene Bourque 18 (Scott Gomez) at 13:29
Penalties :
Darren Reid (Pit) for Holding (Minor) at 16:08
2nd period
3. Penguins , Ted Purcell 18 (Peter Forsberg, Eric Cairns) at 7:22
4. Blackhawks , Kris Versteeg 37 (Rene Bourque, Scott Gomez) at 9:31
5. Blackhawks , Kris Versteeg 38 (Scott Gomez, Kristopher Letang) at 9:57 (PP)
6. Penguins , Peter Forsberg 28 (Ted Purcell, Pernell Karl Subban) at 10:07
7. Blackhawks , George Parros 13 (Christian Ehrhoff, Jordan Staal) at 11:46
8. Blackhawks , Joe Sakic 33 (Loui Eriksson) at 14:47
Penalties :
Darren Reid (Pit) for Holding (Minor) at 9:42, Stephane Robidas (Chi) for Holding (Minor) at 17:41
3rd period
9. Blackhawks , Rene Bourque 19 (Kris Versteeg, Chris Campoli) at 0:14
10. Blackhawks , Kris Versteeg 39 (Scott Gomez, Kristopher Letang) at 14:10 (PP)
11. Blackhawks , Kris Versteeg 40 (Scott Gomez) at 19:32 (PP)
Penalties :
Tyler Ennis (Pit) for Slashing (Minor) at 0:22, Scott Gomez (Chi) for Boarding (Minor) at 5:15, Pernell Karl Subban (Pit) for Roughing (Minor) at 13:29, Steve Staios (Pit) for Fighting (Major) at 14:11, Stephane Robidas (Chi) for Fighting (Major) at 14:11, Pernell Karl Subban (Pit) for Hooking (Minor) at 19:30, Scott Gomez (Chi) for Hooking (Minor) at 19:53
Goalie Stats
Roberto Luongo (Chi), 21 saves from 23 shots - (0,913), W, 26-16-6, 60:00 minutes
Ondrej Pavelec (Pit), 37 saves from 46 shots - (0,804), L, 5-9-6, 60:00 minutes
Players Stats for Blackhawks
Player Name G A P +/- PIM S H SB GA TA FO MP PP MP PK MP
------------------------------------------------------------------------------------
Chris Campoli 0 1 1 1 0 0 1 0 2 0 0/0 20:15 1:14 2:36
Chris Gratton 0 0 0 0 0 2 1 1 0 0 1/4 9:06 0:00 0:20
Christian Ehrhoff 0 1 1 1 0 4 0 0 0 0 0/0 20:26 1:14 2:36
Colby Armstrong 0 0 0 0 0 2 0 1 0 0 1/2 16:01 0:00 2:14
Daniel Carcillo 0 0 0 2 0 2 2 0 0 0 0/0 11:06 0:00 1:24
George Parros 2 0 2 2 0 2 0 0 0 0 0/0 9:42 0:00 0:00
Hnat Domenichelli 0 0 0 0 0 1 2 0 0 0 1/1 9:12 0:00 0:26
Joe Sakic 1 0 1 0 0 4 1 0 0 1 7/16 15:28 1:38 0:00
Jordan Staal 0 2 2 2 0 1 0 1 0 0 2/3 11:50 0:00 1:36
Kris Versteeg 4 1 5 2 0 10 5 0 0 0 0/2 23:06 3:18 1:07
Kristopher Letang 0 2 2 1 0 3 1 0 0 0 0/0 27:05 3:42 1:28
Loui Eriksson 0 1 1 0 0 4 3 0 0 0 1/1 15:28 1:38 0:00
Rene Bourque 2 1 3 2 0 4 1 1 1 0 0/1 21:59 3:18 0:00
Richard Matvichuk 0 0 0 0 0 1 1 3 0 0 0/0 13:04 0:00 1:28
Scott Gomez 0 5 5 2 4 4 3 1 1 0 22/41 24:05 3:18 1:01
Sergei Shirokov 0 0 0 0 0 1 2 1 0 0 0/0 9:22 1:38 0:00
Stephane Robidas 0 1 1 3 7 0 2 2 0 2 0/0 25:32 3:42 0:00
Wes O'Neill 0 0 0 2 0 1 0 0 0 0 0/0 13:05 0:00 0:00
Players Stats for Penguins
Player Name G A P +/- PIM S H SB GA TA FO MP PP MP PK MP
------------------------------------------------------------------------------------
Brad Isbister 0 0 0 -2 0 0 1 0 0 0 0/1 12:27 1:46 0:34
Brooks Orpik 0 0 0 -4 0 3 1 5 0 1 0/0 26:03 1:57 3:50
Darren Reid 0 0 0 -2 4 2 3 0 1 1 1/2 19:20 2:18 0:00
Denis Arkhipov 0 0 0 -1 0 3 0 0 1 0 7/14 12:21 0:00 3:51
Eric Cairns 0 1 1 -1 0 1 0 1 0 0 0/0 14:48 0:00 1:06
Marc-Édouard Vlasic 0 0 0 -1 0 0 0 0 0 0 0/0 22:19 2:07 0:00
Matt Martin 0 0 0 -1 0 0 2 0 0 0 0/1 8:41 0:00 0:21
Mike Knuble 0 0 0 -1 0 2 2 0 1 1 0/0 9:36 0:00 0:47
Pernell Karl Subban 0 1 1 -2 4 0 1 2 0 0 0/0 21:41 1:57 1:06
Peter Forsberg 1 1 2 1 0 3 1 1 0 0 11/20 16:52 0:00 0:47
Raffi Torres 0 0 0 -2 0 1 2 0 0 0 1/1 13:46 0:00 3:32
Ryan Kesler 0 0 0 -2 0 0 0 0 0 1 1/4 11:53 1:46 0:00
Sheldon Souray 0 0 0 1 0 0 1 0 0 0 0/0 10:19 0:00 0:00
Steve Staios 0 0 0 -1 5 1 1 1 0 0 0/0 24:47 2:07 3:50
Steven Stamkos 0 0 0 -2 0 3 0 0 0 0 10/23 18:36 2:18 0:00
Taylor Pyatt 0 0 0 -2 0 2 3 1 0 0 3/3 18:36 2:18 0:00
Ted Purcell 1 1 2 1 0 1 1 0 0 0 1/1 17:00 1:41 0:00
Tyler Ennis 0 0 0 1 2 1 1 0 0 0 1/1 15:53 0:05 0:00
3 Stars
1 - Kris Versteeg (Chi)
2 - Rene Bourque (Chi)
3 - Scott Gomez (Chi)
Power Play
Blackhawks - 3 on 5 Attempt(s) - 60,00%
Penguins - 0 on 3 Attempt(s) - 0,00%
Penalty Kill
Blackhawks - 3 on 3 Attempt(s) - 100,00%
- Score 0 goal in Penalty Kill
Penguins - 2 on 5 Attempt(s) - 40,00%
- Score 0 goal in Penalty Kill
Official
Referees : LaRue Dennis and McCauley Wes
Linesman : Mike Cvik and Jay Sharrers
Game Notes
Wes O'Neill is injured at 16:17 of 2nd period (Bruised Left Leg)
Kris Versteeg has scored a Hat Trick!
Steve Staios and Stephane Robidas fight to a draw at 14:11 of 3rd period
Finance
Level 1 -- Attendance: 5265 (87,75%) -- Ticket Income 447 525 $
Level 2 -- Attendance: 5000 (100,00%) -- Ticket Income 220 000 $
Level 3 -- Attendance: 1989 (99,45%) -- Ticket Income 57 681 $
Level 4 -- Attendance: 3583 (89,58%) -- Ticket Income 71 660 $
Luxury Box -- Attendance: 956 (95,60%) -- Ticket Income 160 608 $
Game was played at the Igloo
Total Attendance: 16793 (93,29%)
Total Ticket Income: 957 474 $
Other Income: 143 621 $
Total Income: 1 101 095 $
Blackhawks
5 vs 5 Forward
Center Left Wing Right Wing Time % Phy DF OF
1 Scott Gomez Kris Versteeg Rene Bourque 40 1 2 2
2 Joe Sakic Loui Eriksson Colby Armstrong 30 1 2 2
3 Jordan Staal Daniel Carcillo George Parros 20 1 2 2
4 Chris Gratton Hnat Domenichelli Sergei Shirokov 10 1 2 2
5 vs 5 Defense
Defense Defense Time % Phy DF OF
1 Stephane Robidas Wes O'Neill 40 1 2 2
2 Kristopher Letang Christian Ehrhoff 30 1 2 2
3 Richard Matvichuk Chris Campoli 20 1 2 2
4 Stephane Robidas Kristopher Letang 10 1 2 2
PowerPlay Forward
Center Left Wing Right Wing Time % Phy DF OF
1 Scott Gomez Kris Versteeg Rene Bourque 60 1 1 3
2 Joe Sakic Loui Eriksson Sergei Shirokov 40 1 1 3
PowerPlay Defense
Defense Defense Time % Phy DF OF
1 Stephane Robidas Kristopher Letang 60 1 1 3
2 Christian Ehrhoff Chris Campoli 40 1 1 3
Penalty Kill 4 Players Forward
Center Wing Time % Phy DF OF
1 Scott Gomez Colby Armstrong 60 1 3 1
2 Jordan Staal Daniel Carcillo 40 1 3 1
Penalty Kill 4 Players Defense
Defense Defense Time % Phy DF OF
1 Wes O'Neill Christian Ehrhoff 60 1 4 0
2 Kristopher Letang Richard Matvichuk 40 1 4 0
Penalty Kill - 3 Players Forward
Forward Time % Phy DF OF
1 Scott Gomez 60 1 2 2
2 George Parros 40 1 2 2
Penalty Kill - 3 Players Defense
Defense Defense Time % Phy DF OF
1 Stephane Robidas Christian Ehrhoff 60 1 2 2
2 Kristopher Letang Richard Matvichuk 40 1 2 2
4 vs 4 Forward
Center Wing Time % Phy DF OF
1 Scott Gomez Kris Versteeg 60 1 2 2
2 Jordan Staal Rene Bourque 40 1 2 2
4 vs 4 Defense
Defense Defense Time % Phy DF OF
1 Stephane Robidas Christian Ehrhoff 60 1 2 2
2 Kristopher Letang Richard Matvichuk 40 1 2 2
Last Minutes Offensive
Center Left Wing Right Wing Defense Defense
Scott Gomez Kris Versteeg Rene Bourque Stephane Robidas Kristopher Letang
Last Minutes Defensive
Center Left Wing Right Wing Defense Defense
Scott Gomez Kris Versteeg Colby Armstrong Wes O'Neill Christian Ehrhoff
Goaltenders
Starting : Roberto Luongo
Backup : Jocelyn Thibault
Extra Forwards
Normal : Colby Armstrong, Loui Eriksson, Sergei Shirokov - PP : Colby Armstrong, George Parros - PK : Kris Versteeg
Extra Defensemen
Normal : Wes O'Neill, Chris Campoli, Kristopher Letang - PP : Wes O'Neill - PK : Chris Campoli, Kristopher Letang
Penalty Shots
Scott Gomez, Joe Sakic, Kris Versteeg, Rene Bourque, Colby Armstrong
Penguins
5 vs 5 Forward
Center Left Wing Right Wing Time % Phy DF OF
1 Steven Stamkos Taylor Pyatt Darren Reid 40 0 1 4
2 Peter Forsberg Tyler Ennis Ted Purcell 39 1 1 3
3 Ryan Kesler Raffi Torres Brad Isbister 16 2 1 2
4 Denis Arkhipov Matt Martin Mike Knuble 5 4 1 0
5 vs 5 Defense
Defense Defense Time % Phy DF OF
1 Steve Staios Marc-Édouard Vlasic 40 1 1 3
2 Brooks Orpik Pernell Karl Subban 35 3 1 1
3 Eric Cairns Sheldon Souray 20 3 1 1
4 Eric Cairns Brooks Orpik 5 4 1 0
PowerPlay Forward
Center Left Wing Right Wing Time % Phy DF OF
1 Steven Stamkos Taylor Pyatt Darren Reid 60 0 1 4
2 Ryan Kesler Brad Isbister Ted Purcell 40 1 1 3
PowerPlay Defense
Defense Defense Time % Phy DF OF
1 Marc-Édouard Vlasic Steve Staios 60 1 1 3
2 Pernell Karl Subban Brooks Orpik 40 1 1 3
Penalty Kill 4 Players Forward
Center Wing Time % Phy DF OF
1 Denis Arkhipov Raffi Torres 60 4 1 0
2 Peter Forsberg Mike Knuble 40 3 1 1
Penalty Kill 4 Players Defense
Defense Defense Time % Phy DF OF
1 Steve Staios Brooks Orpik 60 4 1 0
2 Pernell Karl Subban Eric Cairns 40 4 1 0
Penalty Kill - 3 Players Forward
Forward Time % Phy DF OF
1 Raffi Torres 60 3 2 0
2 Denis Arkhipov 40 4 1 0
Penalty Kill - 3 Players Defense
Defense Defense Time % Phy DF OF
1 Steve Staios Brooks Orpik 60 3 2 0
2 Sheldon Souray Eric Cairns 40 3 2 0
4 vs 4 Forward
Center Wing Time % Phy DF OF
1 Steven Stamkos Tyler Ennis 60 0 1 4
2 Peter Forsberg Ted Purcell 40 0 1 4
4 vs 4 Defense
Defense Defense Time % Phy DF OF
1 Marc-Édouard Vlasic Steve Staios 60 1 1 3
2 Sheldon Souray Brooks Orpik 40 1 1 3
Last Minutes Offensive
Center Left Wing Right Wing Defense Defense
Steven Stamkos Tyler Ennis Darren Reid Steve Staios Marc-Édouard Vlasic
Last Minutes Defensive
Center Left Wing Right Wing Defense Defense
Peter Forsberg Taylor Pyatt Darren Reid Steve Staios Brooks Orpik
Goaltenders
Starting : Ondrej Pavelec
Backup : Chet Pickard
Extra Forwards
Normal : Peter Forsberg, Steven Stamkos, Tyler Ennis - PP : Tyler Ennis, Ted Purcell - PK : Matt Martin
Extra Defensemen
Normal : Brooks Orpik, Eric Cairns, Marc-Édouard Vlasic - PP : Sheldon Souray - PK : Eric Cairns, Steve Staios
Penalty Shots
Peter Forsberg, Ryan Kesler, Darren Reid, Taylor Pyatt, Ted Purcell
% Time on Ice - Blackhawks
Lines # - Real PCT - Wanted PCT - Time Play
Normal Forward
1 - 39% - 40% - 19:48
2 - 27% - 30% - 13:50
3 - 19% - 20% - 9:42
4 - 15% - 10% - 7:40
Normal Defense
1 - 47% - 40% - 24:02
2 - 28% - 30% - 14:14
3 - 17% - 20% - 8:25
4 - 8% - 10% - 4:19
PP Forward
1 - 67% - 60% - 3:18
2 - 33% - 40% - 1:38
PP Defense
1 - 75% - 60% - 3:42
2 - 25% - 40% - 1:14
PK Forward
1 - 98% - 60% - 3:59
2 - 2% - 40% - 0:05
PK Defense
1 - 70% - 60% - 2:50
2 - 30% - 40% - 1:14
PK3 Forward
1 - 0% - 60%
2 - 0% - 40%
PK3 Defense
1 - 0% - 60%
2 - 0% - 40%
44 Forward
1 - 0% - 60%
2 - 0% - 40%
44 Defense
1 - 0% - 60%
2 - 0% - 40%
Last Minute Offensive - 0:00
Last Minute Defensive - 0:00
Total
Forward - 60:00
Defense - 60:00
|
% Time on Ice - Penguins
Lines # - Real PCT - Wanted PCT - Time Play
Normal Forward
1 - 32% - 40% - 16:28
2 - 32% - 39% - 16:08
3 - 20% - 16% - 10:04
4 - 16% - 5% - 8:20
Normal Defense
1 - 41% - 40% - 21:04
2 - 36% - 35% - 18:27
3 - 20% - 20% - 10:19
4 - 2% - 5% - 1:10
PP Forward
1 - 57% - 60% - 2:18
2 - 43% - 40% - 1:46
PP Defense
1 - 52% - 60% - 2:07
2 - 48% - 40% - 1:57
PK Forward
1 - 84% - 60% - 4:09
2 - 16% - 40% - 0:47
PK Defense
1 - 78% - 60% - 3:50
2 - 22% - 40% - 1:06
PK3 Forward
1 - 0% - 60%
2 - 0% - 40%
PK3 Defense
1 - 0% - 60%
2 - 0% - 40%
44 Forward
1 - 0% - 60%
2 - 0% - 40%
44 Defense
1 - 0% - 60%
2 - 0% - 40%
Last Minute Offensive - 0:00
Last Minute Defensive - 0:00
Total
Forward - 60:00
Defense - 60:00
|
Play by Play
1st period
0:01 of 1st period - Scott Gomez wins face-off versus Steven Stamkos in neutral zone.
0:16 of 1st period - Wrist shot by Scott Gomez.
0:16 of 1st period - Shot Misses the Net.
0:26 of 1st period - Steve Staios is hit by Loui Eriksson and loses puck.
1:14 of 1st period - Slapshot by George Parros.
1:14 of 1st period - Shot Misses the Net.
1:16 of 1st period - Wrist shot by George Parros.
1:16 of 1st period - Goal by George Parros - Blackhawks : 1 - Penguins : 0.
1:17 of 1st period - Scott Gomez wins face-off versus Peter Forsberg in neutral zone.
1:24 of 1st period - Slapshot by Rene Bourque.
1:24 of 1st period - Shot Blocked by Eric Cairns.
1:26 of 1st period - Slapshot by Rene Bourque.
1:26 of 1st period - Shot Misses the Net.
1:28 of 1st period - Slapshot by Stephane Robidas.
1:28 of 1st period - Shot Misses the Net.
2:44 of 1st period - Denis Arkhipov is hit by Kristopher Letang and loses puck.
3:07 of 1st period - Wrist shot by Denis Arkhipov.
3:07 of 1st period - Shot Misses the Net.
3:09 of 1st period - Snap shot by Taylor Pyatt.
3:09 of 1st period - Shot Misses the Net.
3:31 of 1st period - Sheldon Souray is hit by Sergei Shirokov and loses puck.
3:52 of 1st period - Richard Matvichuk is hit by Brad Isbister and loses puck.
4:31 of 1st period - Snap shot by Denis Arkhipov.
4:31 of 1st period - Stopped by Roberto Luongo with a rebound.
4:33 of 1st period - Slapshot by Brooks Orpik.
4:33 of 1st period - Stopped by Roberto Luongo with a rebound.
4:45 of 1st period - Snap shot by Rene Bourque.
4:45 of 1st period - Shot Blocked by Brooks Orpik.
4:53 of 1st period - Ted Purcell is hit by Kris Versteeg and loses puck.
5:10 of 1st period - Raffi Torres is hit by Daniel Carcillo and loses puck.
5:54 of 1st period - Kristopher Letang is hit by Matt Martin.
6:56 of 1st period - Wrist shot by Loui Eriksson.
6:56 of 1st period - Stopped by Ondrej Pavelec without a rebound.
6:57 of 1st period - Scott Gomez wins face-off versus Steven Stamkos in Penguins zone.
7:00 of 1st period - Snap shot by Scott Gomez.
7:00 of 1st period - Shot Misses the Net.
7:53 of 1st period - Snap shot by Sergei Shirokov.
7:53 of 1st period - Stopped by Ondrej Pavelec without a rebound.
7:54 of 1st period - Steven Stamkos wins face-off versus Scott Gomez in Penguins zone.
7:59 of 1st period - Rene Bourque is hit by Darren Reid and loses puck.
8:20 of 1st period - Raffi Torres is hit by Joe Sakic and loses puck.
8:51 of 1st period - Jordan Staal is hit by Mike Knuble and loses puck.
10:15 of 1st period - George Parros is hit by Brooks Orpik and loses puck.
10:54 of 1st period - Slapshot by Chris Gratton.
10:54 of 1st period - Shot Misses the Net.
10:56 of 1st period - Wrist shot by Chris Gratton.
10:56 of 1st period - Stopped by Ondrej Pavelec with a rebound.
10:58 of 1st period - Snap shot by Richard Matvichuk.
10:58 of 1st period - Stopped by Ondrej Pavelec with a rebound.
11:14 of 1st period - Wes O'Neill is hit by Raffi Torres and loses puck.
11:27 of 1st period - Peter Forsberg is hit by Daniel Carcillo and loses puck.
12:09 of 1st period - Snap shot by Chris Gratton.
12:09 of 1st period - Shot Blocked by Brooks Orpik.
12:15 of 1st period - Slapshot by Taylor Pyatt.
12:15 of 1st period - Stopped by Roberto Luongo with a rebound.
12:36 of 1st period - Christian Ehrhoff is hit by Raffi Torres and loses puck.
12:55 of 1st period - Wrist shot by Kris Versteeg.
12:55 of 1st period - Deflect By Rene Bourque.
12:55 of 1st period - Shot Misses the Net.
12:55 of 1st period - Puck is out of play.
12:56 of 1st period - Scott Gomez wins face-off versus Steven Stamkos in Penguins zone.
13:05 of 1st period - Wrist shot by Darren Reid.
13:05 of 1st period - Shot Misses the Net.
13:29 of 1st period - Snap shot by Rene Bourque.
13:29 of 1st period - Goal by Rene Bourque - Blackhawks : 2 - Penguins : 0.
13:30 of 1st period - Peter Forsberg wins face-off versus Joe Sakic in neutral zone.
13:38 of 1st period - Slapshot by Tyler Ennis.
13:38 of 1st period - Shot Blocked by Colby Armstrong.
13:40 of 1st period - Slapshot by Ted Purcell.
13:40 of 1st period - Shot Misses the Net.
13:42 of 1st period - Slapshot by Peter Forsberg.
13:42 of 1st period - Shot Misses the Net.
13:44 of 1st period - Wrist shot by Peter Forsberg.
13:44 of 1st period - Shot Misses the Net.
13:46 of 1st period - Snap shot by Eric Cairns.
13:46 of 1st period - Stopped by Roberto Luongo with a rebound.
14:24 of 1st period - Wrist shot by George Parros.
14:24 of 1st period - Shot Misses the Net.
14:44 of 1st period - Snap shot by Mike Knuble.
14:44 of 1st period - Deflect By Richard Matvichuk.
14:44 of 1st period - Shot Blocked by Chris Gratton.
14:44 of 1st period - Puck is out of play.
14:45 of 1st period - Denis Arkhipov wins face-off versus Scott Gomez in Blackhawks zone.
14:56 of 1st period - Slapshot by Denis Arkhipov.
14:56 of 1st period - Stopped by Roberto Luongo without a rebound.
14:57 of 1st period - Peter Forsberg wins face-off versus Scott Gomez in Blackhawks zone.
15:04 of 1st period - Snap shot by Ted Purcell.
15:04 of 1st period - Shot Blocked by Rene Bourque.
15:49 of 1st period - Slapshot by Scott Gomez.
15:49 of 1st period - Stopped by Ondrej Pavelec without a rebound.
15:50 of 1st period - Joe Sakic wins face-off versus Steven Stamkos in Penguins zone.
15:53 of 1st period - Snap shot by Joe Sakic.
15:53 of 1st period - Deflect By Darren Reid.
15:53 of 1st period - Stopped by Ondrej Pavelec with a rebound.
15:55 of 1st period - Wrist shot by Colby Armstrong.
15:55 of 1st period - Shot Misses the Net.
15:57 of 1st period - Backhand shot by Christian Ehrhoff.
15:57 of 1st period - Stopped by Ondrej Pavelec with a rebound.
15:59 of 1st period - Wrist shot by Colby Armstrong.
15:59 of 1st period - Shot Misses the Net.
16:01 of 1st period - Snap shot by Colby Armstrong.
16:01 of 1st period - Shot Misses the Net.
16:08 of 1st period - Minor Penalty to Darren Reid for Holding.
16:09 of 1st period - Denis Arkhipov wins face-off versus Joe Sakic in Penguins zone.
16:14 of 1st period - Off-side.
16:15 of 1st period - Joe Sakic wins face-off versus Denis Arkhipov in neutral zone.
16:22 of 1st period - Slapshot by Stephane Robidas.
16:22 of 1st period - Shot Blocked by Brooks Orpik.
16:24 of 1st period - Snap shot by Loui Eriksson.
16:24 of 1st period - Stopped by Ondrej Pavelec without a rebound.
16:25 of 1st period - Denis Arkhipov wins face-off versus Scott Gomez in Penguins zone.
16:25 of 1st period - Denis Arkhipov is hit by Stephane Robidas.
16:34 of 1st period - Icing by Kris Versteeg.
16:35 of 1st period - Raffi Torres wins face-off versus Scott Gomez in Blackhawks zone.
16:46 of 1st period - Raffi Torres is hit by Rene Bourque and loses puck.
17:22 of 1st period - Icing by Rene Bourque.
17:23 of 1st period - Peter Forsberg wins face-off versus Scott Gomez in Blackhawks zone.
17:24 of 1st period - Snap shot by Mike Knuble.
17:24 of 1st period - Stopped by Roberto Luongo with a rebound.
17:46 of 1st period - Wrist shot by Kris Versteeg.
17:46 of 1st period - Stopped by Ondrej Pavelec without a rebound.
17:47 of 1st period - Joe Sakic wins face-off versus Denis Arkhipov in Penguins zone.
18:08 of 1st period - Penalty to Darren Reid is over, Darren Reid is back on ice.
18:19 of 1st period - Chris Campoli is hit by Darren Reid and loses puck.
18:36 of 1st period - Slapshot by Peter Forsberg.
18:36 of 1st period - Stopped by Roberto Luongo without a rebound.
18:37 of 1st period - Steven Stamkos wins face-off versus Joe Sakic in Blackhawks zone.
19:05 of 1st period - Icing by Sheldon Souray.
19:06 of 1st period - Scott Gomez wins face-off versus Brad Isbister in Penguins zone.
19:07 of 1st period - Wrist shot by Kris Versteeg.
19:07 of 1st period - Stopped by Ondrej Pavelec with a rebound.
19:58 of 1st period - Off-side.
19:59 of 1st period - Tyler Ennis wins face-off versus Scott Gomez in neutral zone.
Goals for this period are 2 for Blackhawks vs 0 for Penguins.
Shots for this period are 12 for Blackhawks vs 7 for Penguins.
2nd period
0:01 of 2nd period - Scott Gomez wins face-off versus Peter Forsberg in neutral zone.
0:08 of 2nd period - Slapshot by Kris Versteeg.
0:08 of 2nd period - Stopped by Ondrej Pavelec with a rebound.
0:26 of 2nd period - Joe Sakic is hit by Pernell Karl Subban and loses puck.
0:48 of 2nd period - Wrist shot by Sergei Shirokov.
0:48 of 2nd period - Deflect By Hnat Domenichelli.
0:48 of 2nd period - Shot Misses the Net.
0:48 of 2nd period - Puck is out of play.
0:49 of 2nd period - Hnat Domenichelli wins face-off versus Ryan Kesler in Penguins zone.
0:54 of 2nd period - Wrist shot by Sergei Shirokov.
0:54 of 2nd period - Shot Misses the Net.
1:14 of 2nd period - Marc-Édouard Vlasic is hit by Stephane Robidas and loses puck.
1:37 of 2nd period - Wrist shot by Joe Sakic.
1:37 of 2nd period - Stopped by Ondrej Pavelec with a rebound.
1:39 of 2nd period - Snap shot by Joe Sakic.
1:39 of 2nd period - Shot Misses the Net.
1:41 of 2nd period - Slapshot by Richard Matvichuk.
1:41 of 2nd period - Shot Blocked by Taylor Pyatt.
2:06 of 2nd period - Brooks Orpik is hit by Richard Matvichuk and loses puck.
2:21 of 2nd period - Wrist shot by Raffi Torres.
2:21 of 2nd period - Shot Blocked by Stephane Robidas.
2:25 of 2nd period - Snap shot by Ryan Kesler.
2:25 of 2nd period - Shot Misses the Net.
2:27 of 2nd period - Slapshot by Sheldon Souray.
2:27 of 2nd period - Deflect By Brad Isbister.
2:27 of 2nd period - Shot Blocked by Stephane Robidas.
2:27 of 2nd period - Puck is out of play.
2:28 of 2nd period - Steven Stamkos wins face-off versus Scott Gomez in Blackhawks zone.
3:05 of 2nd period - Icing by Joe Sakic.
3:06 of 2nd period - Darren Reid wins face-off versus Joe Sakic in Blackhawks zone.
3:23 of 2nd period - Wrist shot by Loui Eriksson.
3:23 of 2nd period - Deflect By Joe Sakic.
3:23 of 2nd period - Shot Misses the Net.
3:23 of 2nd period - Puck is out of play.
3:24 of 2nd period - Peter Forsberg wins face-off versus Scott Gomez in Penguins zone.
3:31 of 2nd period - Wrist shot by Kris Versteeg.
3:31 of 2nd period - Shot Misses the Net.
3:33 of 2nd period - Slapshot by Kristopher Letang.
3:33 of 2nd period - Deflect By Steve Staios.
3:33 of 2nd period - Stopped by Ondrej Pavelec without a rebound.
3:34 of 2nd period - Peter Forsberg wins face-off versus Scott Gomez in Penguins zone.
3:43 of 2nd period - Snap shot by Scott Gomez.
3:43 of 2nd period - Stopped by Ondrej Pavelec without a rebound.
3:44 of 2nd period - Peter Forsberg wins face-off versus Scott Gomez in Penguins zone.
4:11 of 2nd period - Stephane Robidas is hit by Darren Reid.
4:21 of 2nd period - Slapshot by Loui Eriksson.
4:21 of 2nd period - Stopped by Ondrej Pavelec with a rebound.
4:57 of 2nd period - Snap shot by Mike Knuble.
4:57 of 2nd period - Shot Blocked by Sergei Shirokov.
5:03 of 2nd period - Steve Staios is hit by Hnat Domenichelli and loses puck.
5:22 of 2nd period - Wrist shot by Joe Sakic.
5:22 of 2nd period - Shot Misses the Net.
5:24 of 2nd period - Snap shot by Joe Sakic.
5:24 of 2nd period - Shot Blocked by Steve Staios.
6:01 of 2nd period - Slapshot by Peter Forsberg.
6:01 of 2nd period - Stopped by Roberto Luongo with a rebound.
6:27 of 2nd period - Wrist shot by Colby Armstrong.
6:27 of 2nd period - Shot Misses the Net.
6:41 of 2nd period - Slapshot by Steven Stamkos.
6:41 of 2nd period - Shot Misses the Net.
6:43 of 2nd period - Snap shot by Darren Reid.
6:43 of 2nd period - Stopped by Roberto Luongo without a rebound.
6:44 of 2nd period - Scott Gomez wins face-off versus Steven Stamkos in Blackhawks zone.
6:44 of 2nd period - Scott Gomez is hit by Taylor Pyatt.
7:09 of 2nd period - Richard Matvichuk is hit by Ted Purcell and loses puck.
7:20 of 2nd period - Wrist shot by Peter Forsberg.
7:20 of 2nd period - Shot Misses the Net.
7:22 of 2nd period - Snap shot by Ted Purcell.
7:22 of 2nd period - Goal by Ted Purcell - Blackhawks : 2 - Penguins : 1.
7:23 of 2nd period - Ted Purcell wins face-off versus Scott Gomez in neutral zone.
7:33 of 2nd period - Brooks Orpik is hit by Kris Versteeg and loses puck.
7:54 of 2nd period - Snap shot by Joe Sakic.
7:54 of 2nd period - Shot Blocked by Pernell Karl Subban.
7:56 of 2nd period - Slapshot by Wes O'Neill.
7:56 of 2nd period - Stopped by Ondrej Pavelec with a rebound.
7:58 of 2nd period - Wrist shot by Colby Armstrong.
7:58 of 2nd period - Shot Misses the Net.
8:07 of 2nd period - Off-side.
8:08 of 2nd period - Chris Gratton wins face-off versus Ryan Kesler in neutral zone.
8:35 of 2nd period - Snap shot by Kristopher Letang.
8:35 of 2nd period - Shot Blocked by Peter Forsberg.
8:37 of 2nd period - Slapshot by Christian Ehrhoff.
8:37 of 2nd period - Deflect By Peter Forsberg.
8:37 of 2nd period - Stopped by Ondrej Pavelec with a rebound.
8:55 of 2nd period - Wrist shot by Daniel Carcillo.
8:55 of 2nd period - Deflect By Jordan Staal.
8:55 of 2nd period - Stopped by Ondrej Pavelec without a rebound.
8:56 of 2nd period - Jordan Staal wins face-off versus Steven Stamkos in Penguins zone.
9:23 of 2nd period - Snap shot by Kris Versteeg.
9:23 of 2nd period - Shot Misses the Net.
9:25 of 2nd period - Snap shot by Rene Bourque.
9:25 of 2nd period - Shot Blocked by Brooks Orpik.
9:27 of 2nd period - Wrist shot by Scott Gomez.
9:27 of 2nd period - Shot Misses the Net.
9:29 of 2nd period - Wrist shot by Rene Bourque.
9:29 of 2nd period - Stopped by Ondrej Pavelec with a rebound.
9:31 of 2nd period - Wrist shot by Kris Versteeg.
9:31 of 2nd period - Goal by Kris Versteeg - Blackhawks : 3 - Penguins : 1.
9:32 of 2nd period - Scott Gomez wins face-off versus Steven Stamkos in neutral zone.
9:42 of 2nd period - Minor Penalty to Darren Reid for Holding.
9:43 of 2nd period - Scott Gomez wins face-off versus Denis Arkhipov in Penguins zone.
9:47 of 2nd period - Wrist shot by Scott Gomez.
9:47 of 2nd period - Stopped by Ondrej Pavelec with a rebound.
9:49 of 2nd period - Wrist shot by Rene Bourque.
9:49 of 2nd period - Shot Misses the Net.
9:51 of 2nd period - Wrist shot by Kristopher Letang.
9:51 of 2nd period - Shot Blocked by Brooks Orpik.
9:57 of 2nd period - Wrist shot by Kris Versteeg.
9:57 of 2nd period - Goal by Kris Versteeg - Blackhawks : 4 - Penguins : 1.
9:58 of 2nd period - Peter Forsberg wins face-off versus Rene Bourque in neutral zone.
10:05 of 2nd period - Snap shot by Ted Purcell.
10:05 of 2nd period - Shot Hit the Post.
10:07 of 2nd period - Snap shot by Peter Forsberg.
10:07 of 2nd period - Goal by Peter Forsberg - Blackhawks : 4 - Penguins : 2.
10:08 of 2nd period - Scott Gomez wins face-off versus Steven Stamkos in neutral zone.
10:23 of 2nd period - Snap shot by Steven Stamkos.
10:23 of 2nd period - Stopped by Roberto Luongo with a rebound.
10:35 of 2nd period - Pernell Karl Subban is hit by Loui Eriksson and loses puck.
10:40 of 2nd period - Slapshot by Joe Sakic.
10:40 of 2nd period - Stopped by Ondrej Pavelec with a rebound.
10:42 of 2nd period - Snap shot by Loui Eriksson.
10:42 of 2nd period - Stopped by Ondrej Pavelec with a rebound.
10:44 of 2nd period - Wrist shot by Colby Armstrong.
10:44 of 2nd period - Stopped by Ondrej Pavelec with a rebound.
10:59 of 2nd period - Icing by George Parros.
11:00 of 2nd period - Jordan Staal wins face-off versus Ryan Kesler in Blackhawks zone.
11:34 of 2nd period - Jordan Staal is hit by Steve Staios.
11:42 of 2nd period - Snap shot by Jordan Staal.
11:42 of 2nd period - Shot Misses the Net.
11:44 of 2nd period - Slapshot by Christian Ehrhoff.
11:44 of 2nd period - Stopped by Ondrej Pavelec with a rebound.
11:46 of 2nd period - Slapshot by George Parros.
11:46 of 2nd period - Goal by George Parros - Blackhawks : 5 - Penguins : 2.
11:47 of 2nd period - Scott Gomez wins face-off versus Darren Reid in neutral zone.
12:12 of 2nd period - Loui Eriksson is hit by Peter Forsberg and loses puck.
12:38 of 2nd period - Wrist shot by Mike Knuble.
12:38 of 2nd period - Deflect By Denis Arkhipov.
12:38 of 2nd period - Stopped by Roberto Luongo with a rebound.
12:40 of 2nd period - Slapshot by Brooks Orpik.
12:40 of 2nd period - Shot Misses the Net.
12:42 of 2nd period - Slapshot by Brooks Orpik.
12:42 of 2nd period - Stopped by Roberto Luongo without a rebound.
12:43 of 2nd period - Steven Stamkos wins face-off versus Scott Gomez in Blackhawks zone.
14:02 of 2nd period - Snap shot by Daniel Carcillo.
14:02 of 2nd period - Stopped by Ondrej Pavelec without a rebound.
14:03 of 2nd period - Taylor Pyatt wins face-off versus Joe Sakic in Penguins zone.
14:14 of 2nd period - Snap shot by Steven Stamkos.
14:14 of 2nd period - Stopped by Roberto Luongo without a rebound.
14:15 of 2nd period - Taylor Pyatt wins face-off versus Scott Gomez in Blackhawks zone.
14:45 of 2nd period - Snap shot by Joe Sakic.
14:45 of 2nd period - Shot Misses the Net.
14:47 of 2nd period - Wrist shot by Loui Eriksson.
14:47 of 2nd period - Deflect By Joe Sakic.
14:47 of 2nd period - Goal by Joe Sakic - Blackhawks : 6 - Penguins : 2.
14:48 of 2nd period - Scott Gomez wins face-off versus Peter Forsberg in neutral zone.
15:24 of 2nd period - Snap shot by Colby Armstrong.
15:24 of 2nd period - Shot Misses the Net.
16:00 of 2nd period - Backhand shot by Hnat Domenichelli.
16:00 of 2nd period - Shot Misses the Net.
16:02 of 2nd period - Slapshot by Christian Ehrhoff.
16:02 of 2nd period - Stopped by Ondrej Pavelec with a rebound.
16:04 of 2nd period - Slapshot by Christian Ehrhoff.
16:04 of 2nd period - Deflect By Chris Gratton.
16:04 of 2nd period - Stopped by Ondrej Pavelec with a rebound.
16:06 of 2nd period - Slapshot by Kristopher Letang.
16:06 of 2nd period - Stopped by Ondrej Pavelec with a rebound.
16:16 of 2nd period - Wes O'Neill is hit by Taylor Pyatt and loses puck.
16:17 of 2nd period - Wes O'Neill from Blackhawks is injured at 16:17 of 2nd period (Bruised Left Leg).
16:18 of 2nd period - Scott Gomez wins face-off versus Peter Forsberg in Blackhawks zone.
16:52 of 2nd period - Wrist shot by Taylor Pyatt.
16:52 of 2nd period - Stopped by Roberto Luongo without a rebound.
16:53 of 2nd period - Joe Sakic wins face-off versus Steven Stamkos in Blackhawks zone.
16:53 of 2nd period - Joe Sakic is hit by Taylor Pyatt.
17:19 of 2nd period - Peter Forsberg is hit by Scott Gomez and loses puck.
17:41 of 2nd period - Minor Penalty to Stephane Robidas for Holding.
17:42 of 2nd period - Scott Gomez wins face-off versus Steven Stamkos in Blackhawks zone.
19:21 of 2nd period - Steve Staios is hit by Hnat Domenichelli and loses puck.
19:41 of 2nd period - Penalty to Stephane Robidas is over, Stephane Robidas is back on ice.
Goals for this period are 4 for Blackhawks vs 2 for Penguins.
Shots for this period are 22 for Blackhawks vs 9 for Penguins.
3rd period
0:01 of 3rd period - Steven Stamkos wins face-off versus Scott Gomez in neutral zone.
0:12 of 3rd period - Wrist shot by Kris Versteeg.
0:12 of 3rd period - Stopped by Ondrej Pavelec with a rebound.
0:14 of 3rd period - Snap shot by Rene Bourque.
0:14 of 3rd period - Goal by Rene Bourque - Blackhawks : 7 - Penguins : 2.
0:15 of 3rd period - Scott Gomez wins face-off versus Peter Forsberg in neutral zone.
0:20 of 3rd period - Wrist shot by Scott Gomez.
0:20 of 3rd period - Shot Misses the Net.
0:22 of 3rd period - Minor Penalty to Tyler Ennis for Slashing.
0:23 of 3rd period - Scott Gomez wins face-off versus Denis Arkhipov in Penguins zone.
2:00 of 3rd period - Icing by Kristopher Letang.
2:01 of 3rd period - Scott Gomez wins face-off versus Denis Arkhipov in Blackhawks zone.
2:03 of 3rd period - Icing by Kris Versteeg.
2:04 of 3rd period - Denis Arkhipov wins face-off versus Joe Sakic in Blackhawks zone.
2:22 of 3rd period - Penalty to Tyler Ennis is over, Tyler Ennis is back on ice.
2:23 of 3rd period - Snap shot by Rene Bourque.
2:23 of 3rd period - Stopped by Ondrej Pavelec with a rebound.
2:31 of 3rd period - Wrist shot by Raffi Torres.
2:31 of 3rd period - Stopped by Roberto Luongo without a rebound.
2:32 of 3rd period - Peter Forsberg wins face-off versus Joe Sakic in Blackhawks zone.
3:21 of 3rd period - Wrist shot by George Parros.
3:21 of 3rd period - Shot Blocked by Pernell Karl Subban.
3:23 of 3rd period - Backhand shot by Daniel Carcillo.
3:23 of 3rd period - Stopped by Ondrej Pavelec with a rebound.
3:25 of 3rd period - Slapshot by Chris Campoli.
3:25 of 3rd period - Shot Misses the Net.
4:04 of 3rd period - Slapshot by Joe Sakic.
4:04 of 3rd period - Deflect By Colby Armstrong.
4:04 of 3rd period - Shot Misses the Net.
4:04 of 3rd period - Puck is out of play.
4:05 of 3rd period - Peter Forsberg wins face-off versus Scott Gomez in Penguins zone.
4:14 of 3rd period - Slapshot by Steve Staios.
4:14 of 3rd period - Deflect By Tyler Ennis.
4:14 of 3rd period - Shot Blocked by Scott Gomez.
4:14 of 3rd period - Puck is out of play.
4:15 of 3rd period - Scott Gomez wins face-off versus Peter Forsberg in Blackhawks zone.
5:15 of 3rd period - Minor Penalty to Scott Gomez for Boarding.
5:16 of 3rd period - Steven Stamkos wins face-off versus Jordan Staal in Blackhawks zone.
5:23 of 3rd period - Wrist shot by Darren Reid.
5:23 of 3rd period - Shot Blocked by Jordan Staal.
5:25 of 3rd period - Slapshot by Steve Staios.
5:25 of 3rd period - Stopped by Roberto Luongo with a rebound.
5:27 of 3rd period - Slapshot by Darren Reid.
5:27 of 3rd period - Stopped by Roberto Luongo without a rebound.
5:28 of 3rd period - Steven Stamkos wins face-off versus Kris Versteeg in Blackhawks zone.
7:15 of 3rd period - Penalty to Scott Gomez is over, Scott Gomez is back on ice.
7:30 of 3rd period - Hnat Domenichelli is hit by Matt Martin and loses puck.
7:49 of 3rd period - Wrist shot by Hnat Domenichelli.
7:49 of 3rd period - Stopped by Ondrej Pavelec with a rebound.
7:57 of 3rd period - Wrist shot by Scott Gomez.
7:57 of 3rd period - Shot Misses the Net.
8:09 of 3rd period - Icing by Chris Gratton.
8:10 of 3rd period - Denis Arkhipov wins face-off versus Chris Gratton in Blackhawks zone.
8:20 of 3rd period - Icing by Steve Staios.
8:21 of 3rd period - Loui Eriksson wins face-off versus Matt Martin in Penguins zone.
8:38 of 3rd period - Colby Armstrong is hit by Mike Knuble and loses puck.
9:11 of 3rd period - Slapshot by Mike Knuble.
9:11 of 3rd period - Stopped by Roberto Luongo without a rebound.
9:12 of 3rd period - Taylor Pyatt wins face-off versus Colby Armstrong in Blackhawks zone.
9:15 of 3rd period - Slapshot by Steven Stamkos.
9:15 of 3rd period - Shot Misses the Net.
10:01 of 3rd period - Chris Campoli is hit by Sheldon Souray.
10:58 of 3rd period - Peter Forsberg is hit by Loui Eriksson and loses puck.
12:27 of 3rd period - Slapshot by Peter Forsberg.
12:27 of 3rd period - Deflect By Christian Ehrhoff.
12:27 of 3rd period - Shot Misses the Net.
12:27 of 3rd period - Puck is out of play.
12:28 of 3rd period - Ryan Kesler wins face-off versus Chris Gratton in Blackhawks zone.
12:43 of 3rd period - Wrist shot by Ryan Kesler.
12:43 of 3rd period - Shot Blocked by Richard Matvichuk.
13:02 of 3rd period - Wrist shot by Kris Versteeg.
13:02 of 3rd period - Stopped by Ondrej Pavelec without a rebound.
13:03 of 3rd period - Joe Sakic wins face-off versus Steven Stamkos in Penguins zone.
13:29 of 3rd period - Minor Penalty to Pernell Karl Subban for Roughing.
13:30 of 3rd period - Scott Gomez wins face-off versus Denis Arkhipov in Penguins zone.
13:35 of 3rd period - Snap shot by Kris Versteeg.
13:35 of 3rd period - Stopped by Ondrej Pavelec without a rebound.
13:36 of 3rd period - Denis Arkhipov wins face-off versus Scott Gomez in Penguins zone.
13:36 of 3rd period - Denis Arkhipov is hit by Kris Versteeg.
14:10 of 3rd period - Wrist shot by Kris Versteeg.
14:10 of 3rd period - Goal by Kris Versteeg - Blackhawks : 8 - Penguins : 2.
14:11 of 3rd period - Colby Armstrong wins face-off versus Steven Stamkos in neutral zone.
14:11 of 3rd period - Steve Staios and Stephane Robidas fight to a draw.
14:11 of 3rd period - Penalty to Steve Staios for Fighting.
14:11 of 3rd period - Penalty to Stephane Robidas for Fighting.
14:12 of 3rd period - Steven Stamkos wins face-off versus Scott Gomez in neutral zone.
14:21 of 3rd period - Snap shot by Steven Stamkos.
14:21 of 3rd period - Stopped by Roberto Luongo without a rebound.
14:22 of 3rd period - Scott Gomez wins face-off versus Steven Stamkos in Blackhawks zone.
14:37 of 3rd period - Snap shot by Steven Stamkos.
14:37 of 3rd period - Shot Misses the Net.
14:53 of 3rd period - Taylor Pyatt is hit by Scott Gomez and loses puck.
15:40 of 3rd period - Darren Reid is hit by Kris Versteeg and loses puck.
15:45 of 3rd period - Snap shot by Scott Gomez.
15:45 of 3rd period - Stopped by Ondrej Pavelec without a rebound.
15:46 of 3rd period - Joe Sakic wins face-off versus Peter Forsberg in Penguins zone.
15:52 of 3rd period - Off-side.
15:53 of 3rd period - Joe Sakic wins face-off versus Peter Forsberg in neutral zone.
16:36 of 3rd period - Icing by Ryan Kesler.
16:37 of 3rd period - Denis Arkhipov wins face-off versus Chris Gratton in Penguins zone.
16:54 of 3rd period - Marc-Édouard Vlasic is hit by Sergei Shirokov.
17:03 of 3rd period - Off-side.
17:04 of 3rd period - Peter Forsberg wins face-off versus Joe Sakic in neutral zone.
17:07 of 3rd period - Colby Armstrong is hit by Tyler Ennis and loses puck.
17:14 of 3rd period - Slapshot by Kristopher Letang.
17:14 of 3rd period - Stopped by Ondrej Pavelec with a rebound.
17:16 of 3rd period - Slapshot by Colby Armstrong.
17:16 of 3rd period - Stopped by Ondrej Pavelec with a rebound.
17:18 of 3rd period - Snap shot by Loui Eriksson.
17:18 of 3rd period - Shot Misses the Net.
17:30 of 3rd period - Wrist shot by Ryan Kesler.
17:30 of 3rd period - Shot Misses the Net.
17:32 of 3rd period - Slapshot by Brooks Orpik.
17:32 of 3rd period - Stopped by Roberto Luongo with a rebound.
18:34 of 3rd period - Brooks Orpik is hit by Chris Gratton and loses puck.
18:54 of 3rd period - Pernell Karl Subban is hit by Kris Versteeg and loses puck.
19:01 of 3rd period - Marc-Édouard Vlasic is hit by Scott Gomez and loses puck.
19:30 of 3rd period - Minor Penalty to Pernell Karl Subban for Hooking.
19:31 of 3rd period - Scott Gomez wins face-off versus Denis Arkhipov in Penguins zone.
19:32 of 3rd period - Snap shot by Kris Versteeg.
19:32 of 3rd period - Goal by Kris Versteeg - Blackhawks : 9 - Penguins : 2.
19:33 of 3rd period - Steven Stamkos wins face-off versus Joe Sakic in neutral zone.
19:33 of 3rd period - Steven Stamkos is hit by Chris Campoli.
19:44 of 3rd period - Snap shot by Darren Reid.
19:44 of 3rd period - Shot Blocked by Richard Matvichuk.
19:46 of 3rd period - Snap shot by Steve Staios.
19:46 of 3rd period - Shot Blocked by Richard Matvichuk.
19:48 of 3rd period - Wrist shot by Taylor Pyatt.
19:48 of 3rd period - Deflect By Steven Stamkos.
19:48 of 3rd period - Shot Misses the Net.
19:48 of 3rd period - Puck is out of play.
19:49 of 3rd period - Peter Forsberg wins face-off versus Scott Gomez in Blackhawks zone.
19:50 of 3rd period - Snap shot by Tyler Ennis.
19:50 of 3rd period - Stopped by Roberto Luongo without a rebound.
19:51 of 3rd period - Scott Gomez wins face-off versus Peter Forsberg in Blackhawks zone.
19:53 of 3rd period - Minor Penalty to Scott Gomez for Hooking.
19:54 of 3rd period - Steven Stamkos wins face-off versus Kris Versteeg in Blackhawks zone.
Goals for this period are 3 for Blackhawks vs 0 for Penguins.
Shots for this period are 12 for Blackhawks vs 7 for Penguins.
Output by the SimonT Hockey Simulator (STHS) for François Prévost -- Original Page W3C XHTML 1.0 Valid